 Dungeon Crawl Stone Soup version 0.20.1-1-g8b1a95d (webtiles) character file.

53 Irenicus the Insei (level 3, -3/26 HPs)
             Began as an Octopode Chaos Knight on Oct 18, 2017.
             Slain by a sky beast (5 damage)
             ... on level 3 of the Dungeon.
             The game lasted 00:02:51 (1084 turns).

Irenicus the Insei (Octopode Chaos Knight)          Turns: 1084, Time: 00:02:52

Health: -3/26      AC:  1    Str: 11    XL:     3   Next: 89%
Magic:  3/3        EV: 13    Int: 11    God:    Xom [..*...]
Gold:   58         SH:  0    Dex: 12    Spells: 2/2 levels left

rFire    . . .     SeeInvis +     - Unarmed
rCold    . . .     Gourm    .   (no shield)
rNeg     . . .     Faith    .   (helmet restricted)
rPois    .         Spirit   .   (no amulet)
rElec    .         Reflect  .   k - -3 ring of intelligence (curse)
rCorr    .         Harm     .   e - ring of see invisible
MR       .....                  (no ring)
Stlth    ++........             (no ring)
Regen    0.1/turn               (no ring)
MPRegen  0.1/turn               (no ring)
                                (no ring)
                                (no ring)

@: no status effects
A: almost no armour, stealthy swim, amphibious, 8 rings, constrict 8, camouflage
1, gelatinous body 1
a: Renounce Religion


You were on level 3 of the Dungeon.
You worshipped Xom.
You were a toy of Xom.
You were hungry.

You visited 1 branch of the dungeon, and saw 4 of its levels.

You collected 58 gold pieces.

Inventory:

Missiles
 g - 4 poisoned tomahawks (quivered)
Jewellery
 e - a ring of see invisible (right tentacle)
 k - a cursed -3 ring of intelligence (left tentacle)
Scrolls
 c - 2 scrolls of teleportation {unknown}
 f - a scroll of identify {unknown}
 h - a scroll of noise {unknown}
 j - a scroll of remove curse {unknown}
 m - a scroll of random uselessness {unknown}
Potions
 b - 2 potions of lignification {unknown}
 i - a potion of heal wounds {unknown}
 n - a potion of curing {unknown}
Comestibles
 a - 2 bread rations
 d - a royal jelly
 l - a meat ration


   Skills:
 - Level 3.0 Fighting
 - Level 2.3 Dodging
 + Level 4.6 Unarmed Combat


You had 2 spell levels left.
You didn't know any spells.

Dungeon Overview and Level Annotations

Branches:
Dungeon (4/15)
 Temple: D:4-7

Altars:


Innate Abilities, Weirdness & Mutations

You cannot wear most types of armour.
You are very stealthy in the water. (Stealth+)
You are amphibious.
You can wear up to eight rings at the same time.
You can use your tentacles to constrict eight enemies at once.
Your skin changes colour to match your surroundings (Stealth+).
Your rubbery body absorbs attacks. (AC +1, EV +1)


Message History

You bludgeon the sky beast!
The sky beast is heavily wounded.
The sky beast hits you. The sky beast shocks you.
You tentacle-slap the sky beast.
The sky beast is severely wounded.
The sky beast barely misses you.
You tentacle-slap the sky beast.
The sky beast is severely wounded.
The sky beast hits you. The sky beast shocks you.
* * * LOW HITPOINT WARNING * * *
You miss the sky beast.
The sky beast is severely wounded.
The sky beast closely misses you.
You tentacle-slap the sky beast but do no damage.
The sky beast is severely wounded.
The sky beast hits you.
* * * LOW HITPOINT WARNING * * *
The sky beast shocks you.
You die...
Xom titters!

.....##.#
........###
.....###...#
.........#.##
#....####...### ##
.. #†....#..# .r.
#.....#..#
....####..#Y....###
g......(..#.@.....#
##......#####.....#
#.(%.......#.)#....
#.....!....#..# ...
#..........#### ..
.%............
.....##########
..... .....


You could see a sky beast (invisible).

Vanquished Creatures
  An adder (D:4)
  2 dart slugs (D:4)
  4 giant cockroaches
  6 goblins
  3 hobgoblins (D:2)
  3 jackals (D:2)
  A ball python (D:1)
  9 bats
  5 frilled lizards
  4 kobolds
  2 rats
40 creatures vanquished.

Notes
Turn   | Place    | Note
-------+----------+-------------------------------------------
     0 | D:1      | Irenicus the Octopode Chaos Knight began the quest for the Orb.
     0 | D:1      | Reached XP level 1. HP: 16/16 MP: 1/1
   152 | D:1      | Reached XP level 2. HP: 13/21 MP: 2/2
   280 | D:1      | XOM: harmless Fire miscast
   404 | D:1      | XOM: divination: detect creatures
   446 | D:2      | Reached skill level 4 in Unarmed Combat
   460 | D:2      | XOM: harmless Conj miscast
   480 | D:2      | Reached XP level 3. HP: 18/26 MP: 3/3
   501 | D:2      | XOM: harmless Necr miscast
   824 | D:2      | You fall through a shaft for 2 floors!
   835 | D:4      | XOM: noise
  1071 | D:3      | Noticed a sky beast
  1084 | D:3      | Slain by a sky beast

Skill      XL: |  1  2 |
---------------+-------+-----
Unarmed Combat | 4 |  4.6
Fighting       | |  3.0
Dodging        | |  2.3

Action                   || total
-------------------------++-------
Melee: Unarmed           ||    88
       Constrict         ||    21
       Tentacles         ||    12
       Punch             ||     1
Throw: Tomahawk          ||     6
  Use: Scroll            ||     1
 Stab: Sleeping          ||     3
Armor: Skin              ||    16
Dodge: Dodged            ||    47
